 Dungeon Crawl Stone Soup version 0.24.0-1-gfbc8707122 (webtiles) character file.

Game seed: 16408880097657279639, levelgen mode: deterministic

22421 theanonym the Severer (level 12, -1/112 HPs)
             Began as a Deep Dwarf Gladiator on Oct 27, 2019.
             Was a High Priest of Makhleb.
             Shot with a bolt by an orc warlord (22 damage)
             ... on level 1 of the Orcish Mines.
             The game lasted 00:21:08 (12556 turns).

theanonym the Severer (Deep Dwarf Gladiator)       Turns: 12556, Time: 00:21:09

Health: -1/112     AC: 22    Str: 21    XL:     12   Next: 62%
Magic:  10/10      EV: 14    Int:  9    God:    Makhleb [*****.]
Gold:   765        SH:  0    Dex: 24    Spells: 11/11 levels left

rFire    + . .     SeeInvis +   a - +4 battleaxe "Xiyfehos" {venom, rF+ Dex+4}
rCold    + . .     Gourm    .   (shield currently unavailable)
rNeg     + . .     Faith    .   F - +0 plate armour
rPois    +         Spirit   .   c - +0 helmet
rElec    .         Reflect  .   H - +2 ratskin cloak {+Rats rPois rN+ Str-1 Int-1 Dex+1}
rCorr    .         Harm     .   (no gloves)
MR       +....                  M - +2 pair of boots
Stlth    ..........             (no amulet)
HPRegen  0.00/turn              I - ring of see invisible
MPRegen  0.12/turn              x - ring of protection from cold

@: agile, non-regenerating
A: damage resistance, heal wounds, sense surroundings 2, no regeneration
a: Heal Wounds, Minor Destruction, Lesser Servant of Makhleb, Major Destruction,
Greater Servant of Makhleb, Renounce Religion, Evoke Ratskin


Innate Abilities, Weirdness & Mutations

You are resistant to damage.
You can heal yourself by infusing magical energy.
You passively map the area around you.
You do not regenerate.


   Skills:
 + Level 8.7 Fighting
 * Level 16.8 Axes
 - Level 1.7 Throwing
 + Level 10.0 Armour
 - Level 3.2 Dodging
 + Level 6.4 Invocations


You had 11 spell levels left.
You didn't know any spells.
Your spell library contained the following spells:

 Spells                   Type           Power        Failure   Level  Hunger
 Animate Skeleton         Necr           N/A          99%         1    ##.....
 Apportation              Tloc           #.....       99%         1    ##.....
 Confusing Touch          Hex            #.....       99%         1    ##.....
 Flame Tongue             Conj/Fire      #....        99%         1    ##.....
 Summon Small Mammal      Summ           #...         99%         1    ##.....
 Throw Flame              Conj/Fire      #.....       100%        2    ###....
 Conjure Flame            Conj/Fire      #.......     100%        3    ####...
 Inner Flame              Hex/Fire       #.......     100%        3    ####...
 Sticky Flame             Conj/Fire      #.......     100%        4    #####..
 Fireball                 Conj/Fire      #.........   100%        5    ######.

Skill      XL: |  1  2  3  4  5  6  7  8  9 10 11 12 |
---------------+-------------------------------------+-----
Axes           | 4 5 6 7 8 11 12 15 16 | 16.8
Fighting       | 4 8 |  8.7
Armour         | 5 9 10 | 10.0
Invocations    | 4 6 |  6.4
Throwing       | |  1.7
Dodging        | |  3.2

Action                   |  1- 3 |  4- 6 |  7- 9 | 10-12 || total
-------------------------+-------+-------+-------+-------++-------
Melee: War axe           |    85 |   197 |   412 |   541 ||  1235
       Battleaxe         |       |       |       |   158 ||   158
Invok: Lesser Servant of |       |       |       |     1 ||     1
 Abil: Heal Wounds       |       |     6 |    17 |    28 ||    51
       Evoke Ratskin     |       |       |       |     6 ||     6
Evoke: Wand              |       |     2 |    10 |    13 ||    25
  Use: Scroll            |       |     8 |     8 |     8 ||    24
       Potion            |       |       |     2 |     4 ||     6
  Eat: Chunk             |       |     5 |     7 |    14 ||    26
       Ration            |       |       |     3 |     2 ||     5
Armor: Scale mail        |    39 |   104 |    97 |       ||   240
       Plate armour      |       |       |    82 |   492 ||   574
       Chain mail        |       |       |     3 |       ||     3
Dodge: Dodged            |    73 |   140 |   202 |   250 ||   665

Inventory:

Hand Weapons
 a - the +4 battleaxe "Xiyfehos" (weapon) {venom, rF+ Dex+4}

   It poisons the flesh of those it strikes.
   It affects your dexterity (+4).
   It protects you from fire.
Missiles
 z - 4 throwing nets (quivered)
Armour
 c - a +0 helmet (worn)
 f - a +0 cloak
 F - a +0 plate armour (worn)
 H - the +2 ratskin cloak (worn) {+Rats rPois rN+ Str-1 Int-1 Dex+1}

   It affects your strength (-1).
   It affects your intelligence (-1).
   It affects your dexterity (+1).
   It protects you from poison.
   It protects you from negative energy.
 M - a +2 pair of boots (worn)
Magical Staves
 U - an uncursed staff of fire {unknown}
Jewellery
 x - a ring of protection from cold (right hand)
 A - an uncursed ring of flight
 I - a ring of see invisible (left hand)
 K - an uncursed ring of poison resistance
 P - an uncursed ring of positive energy
Wands
 d - a wand of digging (6)
 g - a wand of flame (12)
 h - a wand of paralysis (6)
 o - a wand of polymorph (2)
 q - a wand of disintegration (10)
 u - a wand of enslavement (16)
 J - a wand of random effects (23)
 O - a wand of iceblast (12)
Scrolls
 b - 2 scrolls of amnesia
 n - 2 scrolls of remove curse
 r - a scroll of identify
 s - 3 scrolls of immolation
 t - 7 scrolls of teleportation
 y - 2 scrolls of magic mapping
 B - a scroll of blinking
 G - a scroll of enchant weapon
 S - 2 scrolls of vulnerability {unknown}
Potions
 i - 2 potions of resistance
 k - a potion of cancellation
 l - 2 potions of brilliance
 m - a potion of degeneration
 w - 3 potions of curing
 C - a potion of heal wounds {unknown}
 D - a potion of ambrosia {unknown}
 L - a potion of magic {unknown}
 N - 4 potions of mutation
 Q - a potion of lignification {unknown}
 R - a potion of flight {unknown}
Miscellaneous
 p - a lightning rod (4/4)
Comestibles
 e - 22 rations
 v - 16 chunks of flesh


You were on level 1 of the Orcish Mines.
You worshipped Makhleb.
Makhleb was extremely pleased with you.
You were not hungry.

You visited 4 branches of the dungeon, and saw 15 of its levels.

You collected 765 gold pieces.

Dungeon Overview and Level Annotations

Branches:
Dungeon (12/15)            Temple (1/1) D:4            Lair (1/6) D:10
    Orc (1/2) D:12

Altars:
Ashenzari
Cheibriados
Dithmenos
Elyvilon
Fedhas
Gozag
Hepliaklqana
Kikubaaqudgha
Makhleb
Nemelex Xobeh
Okawaru
Qazlal
Ru
Sif Muna
Trog
Uskayaw
Vehumet
Wu Jian
Xom
Yredelemnul
Zin
The Shining One

Shops:
D:9 :

Annotations:
D:3 2 exclusions
D:11 2 runed translucent doors

,, , , * *....##
...... ,
,......# .......
......##.......
, , *
............., *
#.........# ,,
#........# , ,
##......# * ,, *
* #..(@...## ,*
##.....)..## * ,
#.....)oo..# ,
#.o....))†..# *
.....####.$....#
o...# *#......#
, $..., .......#
.#. , ....#..# ,
, ,,...##.##


You could see an orc warlord, an orc sorcerer, an orc warrior and an orc.

Notes
Turn   | Place    | Note
-------+----------+-------------------------------------------
     0 | D:1      | theanonym the Deep Dwarf Gladiator began the quest for the
                  | Orb.
     0 | D:1      | Reached XP level 1. HP: 19/19 MP: 1/1
    97 | D:1      | Found a shimmering altar of Xom.
   110 | D:1      | You fall into a shaft and drop 1 floor!
   125 | D:2      | Reached XP level 2. HP: 26/26 MP: 2/2
   127 | D:2      | Reached skill level 4 in Axes
   368 | D:1      | Reached XP level 3. HP: 28/32 MP: 3/3
   932 | D:2      | Reached skill level 5 in Axes
   943 | D:2      | HP: 16/32 [kobold/+0 dagger (1)]
   946 | D:2      | Reached XP level 4. HP: 10/39 MP: 4/4
   949 | D:2      | HP: 14/39 [gnoll/+0 spear (6)]
  1273 | D:2      | Reached skill level 6 in Axes
  1576 | D:3      | Reached XP level 5. HP: 32/45 MP: 4/4
  1627 | D:3      | HP: 21/45 [worm (8)]
  1671 | D:3      | Noticed a sky beast
  1683 | D:3      | Killed a sky beast
  1683 | D:3      | Reached skill level 7 in Axes
  1716 | D:3      | HP: 21/45 [dart slug/slug dart (5)]
  2264 | D:4      | Noticed a wyvern
  2267 | D:4      | HP: 20/45 [wyvern (10)]
  2273 | D:4      | Reached XP level 6. HP: 37/52 MP: 4/4
  2276 | D:4      | HP: 23/52 [wyvern (12)]
  2278 | D:4      | Killed a wyvern
  2278 | D:4      | Reached skill level 8 in Axes
  2409 | D:4      | Reached XP level 7. HP: 45/58 MP: 5/5
  2442 | D:4      | Reached skill level 9 in Axes
  2730 | D:4      | Reached skill level 10 in Axes
  2776 | D:4      | Found a staircase to the Ecumenical Temple.
  2779 | D:4      | Noticed Pikel
  2784 | Temple   | Entered the Ecumenical Temple
  2938 | Temple   | Became a worshipper of Makhleb the Destroyer
  2975 | D:4      | Killed Pikel
  2975 | D:4      | Reached skill level 11 in Axes
  2975 | D:4      | Reached XP level 8. HP: 47/66 MP: 6/6
  3010 | D:4      | Noticed Sigmund
  3016 | D:4      | Killed Sigmund
  3061 | D:4      | Noticed Natasha
  3064 | D:4      | Killed Natasha
  3266 | D:4      | Killed Natasha
  3277 | D:4      | Reached skill level 12 in Axes
  3308 | D:4      | Noticed Natasha
  3316 | D:4      | Killed Natasha
  3607 | D:4      | Found a staircase to the Ecumenical Temple.
  4371 | D:4      | Found a staircase to the Ecumenical Temple.
  4980 | D:4      | Found a staircase to the Ecumenical Temple.
  5441 | D:5      | Entered Level 5 of the Dungeon
  5535 | D:5      | HP: 33/66 [centaur/arrow (11)]
  5540 | D:5      | HP: 17/66 [centaur (3)]
  5667 | D:5      | HP: 32/66 [acid (3)]
  5670 | D:5      | HP: 13/66 [acid (3)]
  5756 | D:5      | Gained mutation: You passively map the area around you.
                  | [Deep Dwarf growth]
  5756 | D:5      | Reached XP level 9. HP: 65/73 MP: 6/6
  5828 | D:5      | Found a runed translucent door.
  5831 | D:5      | Noticed EtherCrawl's ghost (novice FoFi)
  6080 | D:5      | HP: 36/73 [EtherCrawl's ghost (2)]
  6083 | D:5      | HP: 16/73 [EtherCrawl's ghost (9)]
  6096 | D:6      | Reached skill level 13 in Axes
  6119 | D:6      | Reached * piety under Makhleb
  6238 | D:6      | Found an ornate altar of the Wu Jian Council.
  6241 | D:6      | HP: 36/73 [orc warrior/+0 halberd (12)]
  6252 | D:6      | HP: 13/73 [orc warrior/+0 halberd (10)]
  6257 | D:6      | HP: 14/73 [orc warrior/+0 halberd (13)]
  6318 | D:6      | HP: 29/73 [ogre/+0 giant spiked club (18)]
  6958 | D:6      | Found a runed translucent door.
  6959 | D:6      | Noticed Crazy Yiuf
  7046 | D:6      | Killed Crazy Yiuf
  7269 | D:7      | Reached skill level 14 in Axes
  7668 | D:7      | HP: 35/73 [killer bee (3)]
  7674 | D:7      | HP: 34/73 [poisoned by a killer bee]
  7817 | D:7      | Reached skill level 15 in Axes
  7822 | D:7      | Reached XP level 10. HP: 47/80 MP: 6/6
  7828 | D:7      | HP: 36/80 [yak (6)]
  7834 | D:7      | HP: 19/80 [yak (6)]
  8017 | D:7      | Reached ** piety under Makhleb
  8135 | D:8      | Found a runed translucent gate.
  8135 | D:8      | Found a runed translucent gate.
  8135 | D:8      | Found a runed translucent gate.
  8137 | D:8      | Noticed EnegeticOcto's ghost (novice MiFi)
  8393 | D:8      | HP: 36/80 [ice beast (12)]
  8397 | D:8      | HP: 17/80 [acid (3)]
  8397 | D:8      | Reached skill level 16 in Axes
  8403 | D:8      | HP: 7/80 [acid (3)]
  8406 | D:8      | Reached skill level 2 in Fighting
  8406 | D:8      | Reached skill level 1 in Armour
  8693 | D:8      | HP: 31/81 [hell rat (11)]
  8699 | D:8      | HP: 18/81 [hell rat (8)]
  8713 | D:8      | HP: 13/81 [hell rat (10)]
  8733 | D:8      | Reached skill level 2 in Armour
  8740 | D:8      | Found the +2 ratskin cloak {+Rats rPois rN+ Str-1 Int-1
                  | Dex+1}
  9117 | D:9      | HP: 37/81 [orc priest/divine providence (11)]
  9172 | D:9      | HP: 41/82 [wyvern (6)]
  9177 | D:9      | HP: 23/82 [wyvern (3)]
  9178 | D:9      | HP: 9/82 [acid (14)]
  9178 | D:9      | HP: 4/82 [wyvern (5)]
  9220 | D:9      | Noticed a centaur warrior
  9230 | D:9      | HP: 41/82 [centaur warrior (4)]
  9235 | D:9      | Killed a centaur warrior
  9235 | D:9      | Reached skill level 3 in Fighting
  9235 | D:9      | Reached skill level 3 in Armour
  9288 | D:9      | Reached *** piety under Makhleb
  9294 | D:9      | Reached skill level 4 in Armour
  9328 | D:9      | Found Ygomu's Book Shop.
  9452 | D:9      | HP: 41/85 [orc priest/divine providence (12)]
  9456 | D:9      | Reached skill level 4 in Fighting
  9459 | D:9      | HP: 28/85 [orc warrior/+0 glaive (6)]
  9857 | D:10     | Entered Level 10 of the Dungeon
  9907 | D:10     | Noticed a two-headed ogre
  9920 | D:10     | HP: 42/87 [two-headed ogre/+0 giant club (12)]
  9923 | D:10     | HP: 10/87 [two-headed ogre/+0 giant club (18)]
  9924 | D:10     | HP: 3/87 [warg (7)]
  9931 | D:10     | Killed a two-headed ogre
  9931 | D:10     | Reached skill level 5 in Armour
  9952 | D:10     | Found a staircase to the Lair.
  9967 | D:10     | Reached XP level 11. HP: 80/93 MP: 5/5
 10101 | D:10     | Reached skill level 5 in Fighting
 10434 | Lair:1   | Entered Level 1 of the Lair of Beasts
 10448 | Lair:1   | Reached skill level 6 in Armour
 10450 | Lair:1   | Noticed a five-headed hydra
 10583 | D:11     | Noticed an unseen horror
 10591 | D:11     | Killed an unseen horror
 10591 | D:11     | Reached skill level 6 in Fighting
 10629 | D:11     | Found a large runed translucent door.
 10630 | D:11     | Found a large runed translucent door.
 10656 | D:11     | Reached skill level 7 in Armour
 10659 | D:11     | HP: 47/97 [yak (4)]
 10727 | D:11     | HP: 43/99 [orc priest/divine providence (9)]
 10729 | D:11     | Reached **** piety under Makhleb
 10768 | D:11     | Found a large runed translucent door.
 10768 | D:11     | Found a large runed translucent door.
 10776 | D:11     | Noticed a two-headed ogre
 10789 | D:11     | Killed a two-headed ogre
 10798 | D:11     | Noticed Sonja
 10799 | D:11     | Noticed Sonja
 10799 | D:11     | Sonja changed into Sonja the blink frog
 10812 | D:11     | Reached skill level 7 in Fighting
 10816 | D:11     | Reached skill level 8 in Armour
 10828 | D:11     | Killed Sonja the blink frog
 11085 | D:11     | HP: 47/100 [gargoyle/stone arrow (11)]
 11123 | D:11     | Reached skill level 1 in Invocations
 11206 | D:11     | Noticed a death knight
 11206 | D:11     | HP: 48/100 [??? (35)]
 11213 | D:11     | HP: 69/150 [death knight/+0 halberd (3)]
 11223 | D:11     | HP: 44/150 [death knight/+0 halberd (12)]
 11225 | D:11     | Killed a death knight
 11225 | D:11     | Reached skill level 2 in Invocations
 11227 | D:11     | Noticed a two-headed ogre
 11227 | D:11     | Noticed a centaur warrior
 11229 | D:11     | HP: 61/150 [two-headed ogre/+0 giant club (8)]
 11233 | D:11     | Killed a two-headed ogre
 11233 | D:11     | Reached skill level 9 in Armour
 11233 | D:11     | Reached skill level 3 in Invocations
 11239 | D:11     | HP: 39/103 [centaur warrior (1)]
 11245 | D:11     | HP: 48/103 [centaur warrior (6)]
 11247 | D:11     | Killed a centaur warrior
 11254 | D:11     | HP: 42/103 [troll (2)]
 11300 | D:11     | Got a scorched battleaxe
 11301 | D:11     | Identified the +4 battleaxe "Xiyfehos" {venom, rF+ Dex+4}
                  | (You found it on level 11 of the Dungeon)
 11550 | D:5      | Killed EtherCrawl's ghost
 11550 | D:5      | Reached skill level 8 in Fighting
 11550 | D:5      | Reached skill level 4 in Invocations
 11550 | D:5      | Reached XP level 12. HP: 79/110 MP: 7/9
 11694 | D:8      | Killed EnegeticOcto's ghost
 11916 | D:12     | Reached skill level 5 in Invocations
 12172 | D:12     | Noticed a six-headed hydra
 12177 | D:12     | Killed a six-headed hydra
 12178 | D:12     | Found a staircase to the Orcish Mines.
 12477 | D:12     | Reached ***** piety under Makhleb
 12480 | D:12     | Reached skill level 6 in Invocations
 12494 | D:12     | Noticed a two-headed ogre
 12502 | D:12     | Killed a two-headed ogre
 12502 | D:12     | Reached skill level 10 in Armour
 12532 | Orc:1    | Entered Level 1 of the Orcish Mines
 12533 | Orc:1    | Noticed an orc warlord
 12548 | Orc:1    | HP: 46/112 [orc warrior/+0 halberd[an orc warlord] (24)]
 12551 | Orc:1    | HP: 7/112 [orc warrior/+0 halberd[an orc warlord] (27)]
 12556 | Orc:1    | HP: 21/112 [orc warrior/boomerang[an orc warlord] (5)]
 12556 | Orc:1    | Shot with a bolt by an orc warlord

Vanquished Creatures
  A death knight (D:11)
  A hydra (D:12)
  3 two-headed ogres
  2 centaur warriors
  2 unseen horrors
  The ghost of EnegeticOcto the Chopper, a novice MiFi of Makhleb (D:8)
  Pikel (D:4)
  The ghost of EtherCrawl the Shield-Bearer, a novice FoFi (D:5)
  A wolf spider zombie (D:12)
  An ugly thing (D:12)
  An orc sorcerer (Orc:1)
  A manticore (D:12)
  2 wargs
  A black mamba (D:10)
  A black mamba (shapeshifter) (D:11)
  2 gargoyles
  3 trolls
  2 hornets (D:12)
  A hippogriff (Lair:1)
  A blink frog (D:11)
  Sigmund (D:4)
  8 yaks
  2 shadows (D:12)
  2 wyverns
  A basilisk (D:11)
  A golden eye (D:9)
  A human (D:7)
  A steam dragon (D:8)
  3 hogs (D:7)
  A water moccasin (Lair:1)
  2 black bears
  6 orc warriors
  2 hornet zombies
  3 ice beasts
  3 sky beasts
  7 ogres
  7 phantoms
  A wolf (D:8)
  A necrophage (D:8)
  A crocodile (D:12)
  10 big kobolds
  9 centaurs
  A gnoll sergeant (D:9)
  A bullfrog (D:4)
  2 scorpions
  10 killer bees
  2 vampire bats (D:4)
  5 howler monkeys
  A centaur zombie (D:11)
  4 crimson imps
  A quasit (D:5)
  8 orc priests
  6 jellies
  Crazy Yiuf (D:6)
  5 hounds
  2 bullfrog skeletons
  2 centaur skeletons
  2 iguanas
  Natasha (twice) (D:4)
  18 orc wizards
  4 worker ants
  3 hell rats (D:8)
  A killer bee zombie (D:7)
  2 hound skeletons
  11 gnolls
  4 river rats (D:8)
  9 adders
  3 shadow imps
  An ufetubus (D:8)
  An ooze (D:3)
  An adder zombie (D:8)
  An adder skeleton (D:5)
  5 worms
  4 dart slugs
  4 leopard geckos
  40 orcs
  18 bats
  3 giant cockroaches
  9 goblins
  8 hobgoblins
  5 jackals
  14 kobolds
  5 quokkas
  A ball python (D:1)
  5 frilled lizards
  2 quokka skeletons (D:5)
  25 rats
364 creatures vanquished.

Vanquished Creatures (collateral kills)
  A two-headed ogre (D:10)
  A troll (D:11)
  A vampire (D:11)
  A warg (D:10)
  A water moccasin (D:10)
  An orc warrior (D:10)
  A scorpion (D:9)
  An orc priest (D:9)
  A centaur skeleton (D:9)
  An orc wizard (D:9)
  An orc (D:10)
11 creatures vanquished.

Vanquished Creatures (others)
  2 orc wizards
  Natasha (D:4)
  A white imp (D:8)
  2 fungi (D:8)
  2 plants (D:8)
8 creatures vanquished.

Grand Total: 383 creatures vanquished

Table legend:
 A = Turns spent in this place as a percentage of turns spent in the entire game.
 B = Non-inter-level travel turns spent in this place as a percentage of non-inter-level travel turns spent in the entire game.
 C = Inter-level travel turns spent in this place as a percentage of turns spent in this place.
 D = Turns resting spent in this place as a percentage of non-inter-level travel turns spent in this place.
 E = Turns spent auto-exploring this place as a percentage of non-inter-level travel turns spent in this place.
 F = Non-inter-level travel turns spent in this place divided by the number of levels of this place that you've seen.
                   A       B       C       D       E      F
               +-------+-------+-------+-------+-------+----------------------
         Total | 100.0 | 100.0 |   8.0 |   0.9 |  77.7 | 770.5
       Dungeon |  98.1 |  98.5 |   7.6 |   0.9 |  77.8 | 948.4
        Temple |   1.5 |   1.1 |  30.3 |   0.0 |  96.9 | 131.0
          Lair |   0.2 |   0.2 |   0.0 |   0.0 |   0.0 |  21.0
  Orcish Mines |   0.2 |   0.2 |   0.0 |   0.0 |   0.0 |  24.0
               +-------+-------+-------+-------+-------+----------------------
